Map: Acropolis LE

Players

Djorn - Winner!

  • Race: Protoss Protoss
  • League: Bronze
  • Spawn Location: 11:00

A.I. 1 (Medium)

  • Race: Terran Terran
  • Spawn Location: 5:00

VOD

Have the link to the VOD?

Description

Time

  • Played on: Aug. 25, 2019, 11:45 p.m.
  • Length: 12:04
Show
View Real Time Build Order
Export as new Build Order

Djorn Protoss - Winner!

Build Orders:  

Get SALT Encoding   

  12  0:02  Probe  
  13  0:14  Probe  
  14  0:22  Pylon  
  14  0:26  Probe  
  15  0:39  Probe  
  16  0:45  Gateway  
  16  0:47  Probe  
  16  0:55  Probe, Assimilator  
  18  1:06  Probe  
  19  1:24  Probe  
  20  1:36  Cybernetics Core  
  20  1:40  Pylon  
  20  1:47  Nexus  
  20  2:00  Pylon  
  20  2:07  Adept  
  20  2:14  Assimilator  
  22  2:24  Warp Gate  
  22  2:34  Probe  
  22  2:35  Adept  
  25  2:46  Probe  
  25  2:49  Pylon  
  26  3:03  Twilight Council  
  26  3:08  Probe  
  26  3:10  Probe  
  28  3:16  Probe  
  28  3:18  Probe  
  28  3:24  Probe  
  28  3:26  Probe  
  30  3:32  Gateway  
  32  3:35  Probe  
  32  3:38  Probe  
  34  3:47  Probe, Robotics Facility  
  35  3:51  Probe  
  36  3:57  Pylon  
  36  3:59  Resonating Glaives  
  36  4:08  Probe  
  37  4:10  Probe  
  37  4:13  Assimilator  
  38  4:20  Probe  
  38  4:22  Probe  
  40  4:26  Gateway  
  40  4:27  Gateway  
  40  4:31  Gateway  
  40  4:32  Probe  
  40  4:33  Probe  
  42  4:41  Probe  
  42  4:42  Immortal  
  43  4:46  Zealot x2  
  43  4:49  Probe  
  52  5:11  Probe  
  57  5:29  Charge  
  57  5:34  Adept x3  
  55  5:50  Zealot  
  55  5:51  Zealot  
  59  6:10  Templar Archives  
  59  6:14  Robotics Facility  
  59  6:22  Pylon  
  59  6:31  Adept  
  61  6:47  Forge x2  
  47  8:11  High Templar x2  
  47  8:12  High Templar x3  
  57  8:17  Archon  
  57  8:18  Archon  
  57  8:21  Protoss Ground Weapons Level 1  
  57  8:23  Protoss Ground Armor Level 1  
  57  8:44  Gateway  
  57  8:45  High Templar  
  59  8:50  Archon  
  59  8:52  Zealot x2  
  59  8:53  Zealot x2  
  67  9:02  Psionic Storm  
  67  9:13  Pylon  
  67  9:15  Pylon  
  67  9:21  Pylon  
  71  9:31  Immortal  
  71  9:45  Pylon, Adept  
  71  9:46  Adept x5  
  71  9:49  Pylon  
  71  9:52  Pylon  
  79  10:02  Immortal  
  79  10:08  Zealot x3  
  79  10:09  Zealot x2  
  79  10:10  Zealot  
  95  10:33  Warp Prism  
  85  11:50  Zealot x3  
  85  11:51  Zealot x3  
Show
View Real Time Build Order
Export as new Build Order

A.I. 1 (Medium) Terran 

Build Orders:  

Get SALT Encoding   

  12  0:00  SCV  
  13  0:13  SCV  
  14  0:17  Supply Depot  
  14  0:25  SCV  
  15  0:39  SCV  
  16  0:43  Barracks  
  16  0:49  Refinery  
  16  0:51  SCV  
  17  1:03  SCV  
  18  1:15  Supply Depot  
  18  1:31  Marine  
  18  1:32  Orbital Command, Barracks  
  19  1:40  Refinery  
  19  1:50  Marine  
  19  1:53  Factory  
  20  2:08  Barracks Tech Lab  
  20  2:19  Marine  
  21  2:23  Supply Depot  
  21  2:29  Marine  
  22  2:39  Marine  
  23  2:48  SCV  
  23  2:49  Hellion  
  26  2:59  Engineering Bay  
  26  3:00  SCV  
  27  3:11  Hellion  
  27  3:12  SCV  
  30  3:13  Supply Depot  
  30  3:24  SCV  
  31  3:32  Hellion  
  33  3:36  SCV  
  34  3:48  SCV  
  35  3:54  Hellion  
  37  5:22  Barracks Tech Lab  
  37  5:23  Marauder, SCV  
  37  5:24  Factory, Factory Tech Lab  
  37  5:26  Supply Depot  
  37  5:28  Missile Turret  
  40  5:29  Missile Turret  
  40  5:34  Sensor Tower  
  40  5:37  Armory  
  40  5:38  Starport  
  40  5:42  Barracks  
  37  5:44  Reaper  
  37  5:47  Marauder  
  40  5:51  Supply Depot  
  40  5:53  Bunker  
  40  5:55  Command Center  
  40  6:08  Marine  
  40  6:09  Factory Tech Lab  
  41  6:15  Starport Tech Lab  
  41  6:16  Reaper  
  42  6:26  Marine  
  42  6:29  Marine  
  44  6:35  Raven  
  46  6:43  Marine  
  46  6:47  Barracks Reactor  
  46  6:48  Marine  
  38  7:01  Marine  
  38  7:06  Marauder  
  42  7:08  SCV  
  42  7:11  SCV  
  43  7:17  Raven  
  43  7:18  Refinery  
  43  7:19  Missile Turret  
  43  7:20  Marauder, SCV  
  48  7:23  SCV  
  48  7:25  Missile Turret  
  48  7:27  Marine  
  47  7:31  Reaper  
  47  7:32  SCV  
  47  7:35  SCV  
  43  7:38  Refinery  
  43  7:40  Marine  
  42  7:44  SCV  
  42  7:47  SCV  
  42  7:48  Bunker, Marine  
  43  7:56  SCV  
  43  7:57  Reaper  
  45  7:59  SCV  
  46  8:06  Marine  
  46  8:09  SCV  
  46  8:11  SCV  
  49  8:14  Marine  
  50  8:21  SCV  
  50  8:23  Marine  
  50  8:24  SCV  
  53  8:32  Marine  
  53  8:33  SCV  
  55  8:36  SCV  
  55  8:41  Marauder  
  58  8:45  SCV  
  58  8:48  SCV  
  60  8:50  Marauder  
  62  8:57  Marine, SCV  
  62  9:00  SCV  
  65  9:09  SCV  
  66  9:12  SCV  
  67  9:21  Combat Shield, Medivac, SCV, Marine  
  67  9:22  Stimpack  
  67  9:23  Starport  
  71  9:25  Supply Depot, Marine, Terran Infantry Weapons Level 1  
  72  9:33  Ghost Academy  
  72  9:41  Fusion Core  
  72  9:47  Engineering Bay  
  72  9:51  Medivac  
  74  9:53  Armory  
  74  9:54  Reaper  
  74  9:58  Reaper  
  57  10:01  Starport Tech Lab  
  57  10:02  Marine  
  57  10:06  Marine  
  56  10:19  Raven  
  56  10:20  Marine  
  56  10:21  Raven  
  61  10:24  Marine  
  61  10:26  Marine  
  63  10:30  Marine  
  62  10:38  Marine  
  62  10:40  Concussive Shells  
  62  10:42  Marine  
  64  10:43  Marine  
  64  10:44  Supply Depot  
  64  10:48  Marine  
  63  10:54  Hellion  
  63  10:55  SCV  
  56  11:01  Raven, Ghost  
  46  11:06  Marauder  
  46  11:07  Reaper  
  46  11:11  Marine  
  35  11:19  Viking  
  31  11:27  Marine  
  31  11:30  Marauder  
  28  11:35  Hellion  
Tags
 
League
Bronze
Matchup
PvT
Replay Pack
sc2replays
Spawn Locations
Cross Positions
Add a new tag
Caveats
  • Supply blocks, unpowered buildings, or Contaminate may cause inaccurate times.
  • Supply counts are checked every 10 seconds.